[Event "*** SCC Grand Prix: Titled Tuesday Blitz"]
[Site "Chess.com"]
[Date "2020.06.23"]
[Round "4"]
[White "Iskusnyh"]
[Black "warmoatmeal"]
[Result "0-1"]
[WhiteElo "2444"]
[BlackElo "2323"]
[TimeControl "180+1"]
[EndTime "10:38:45 PDT"]
[Termination "warmoatmeal won on time"]

1. d4 Nf6 2. c4 e6 3. g3 d5 4. Bg2 Bb4+ 5. Nd2 O-O 6. Nf3 b6 7. O-O Bb7 8. cxd5 exd5 9. Ne5 Bd6 10. Ndc4 Be7 11. Ne3 Nbd7 12. b3 c5 13. Bb2 Nxe5 14. dxe5 Ne4 15. Nf5 g6 16. Nxe7+ Qxe7 17. Qc1 Ng5 18.
Rd1 Rad8 19. Qf4 Ne6 20. Qa4 a6 21. e3 b5 22. Qg4 h5 23. Qf3 Ng5 24. Qf4 Ne6 25.
Qh6 Rfe8 26. Rd2 d4 27. exd4 Bxg2 28. Kxg2 Nxd4 29. Bxd4 Rxd4 30. Rxd4 cxd4 31. Re1 Qb7+ 32. Kg1 Qf3 33. e6 Qf6 34. exf7+ Qxf7 35. Rxe8+ Qxe8 36. Qd2 Qe4 37. h4 d3 38. Qg5 Qe1+ 39. Kg2 Qe4+ 40. Kg1 Kf7 41. a4 bxa4 42. bxa4 Ke6 43. Qd8 Qe1+ 44.
Kg2 d2 45. Qf8 d1=Q 46. Qe8+ Kd5 47. Qd7+ Kc4 48. Qc6+ Kb3 49. Qb6+ Qb4 50. Qe6+ Qc4 0-1

[Event "*** SCC Grand Prix: Titled Tuesday Blitz"]
[Site "Chess.com"]
[Date "2020.06.23"]
[Round "4"]
[White "colegiodemadrid"]
[Black "Fh2411"]
[Result "1-0"]
[WhiteElo "2380"]
[BlackElo "2517"]
[TimeControl "180+1"]
[EndTime "10:38:46 PDT"]
[Termination "colegiodemadrid won by resignation"]

1. e4 Nf6 2. e5 Nd5 3. c4 Nb6 4. d4 d6 5. exd6 cxd6 6. Nc3 g6 7. a4 a5 8. c5 dxc5 9. Bb5+ Nc6 10. d5 Bd7 11. dxc6 bxc6 12. Be2 Bg7 13. Nf3 O-O 14. O-O Be6 15. Be3 Nc4 16. Qxd8 Rfxd8 17. Bxc4 Bxc4 18. Rfd1 Rdb8 19. Rd2 Rb3 20. Bxc5 e6 21. Nd4 Rb7 22. Ba3 Rd7 23. Nf3 Rb7 24. Rad1 Bd5 25.
Nxd5 cxd5 26. Rc2 Rab8 27. Nd4 Bf6 28. g3 Kg7 29. Nb5 Rd8 30. f4 h6 31. Kf2 g5 32.
Kf3 Kg6 33. Rc6 d4 34. Rd3 Rd5 35. b3 Rbd7 36. Bc1 Rf5 37. Nd6 Rd5 38. Ne4 Be7 39. Bd2 Kf5 40. g4+ Kg6 41. f5+ Kg7 42.
fxe6 fxe6 43. Rxe6 Bd8 44. Rc6 Rf7+ 45. Kg2 Re7 46. Ng3 Kh7 47. Rc4 Bb6 48. Bc1 Re1 49. Bb2 Rb1 50. Bxd4 1-0

[Event "*** SCC Grand Prix: Titled Tuesday Blitz"]
[Site "Chess.com"]
[Date "2020.06.23"]
[Round "4"]
[White "kikydu96"]
[Black "boasovietica"]
[Result "1/2-1/2"]
[WhiteElo "2319"]
[BlackElo "2457"]
[TimeControl "180+1"]
[EndTime "10:38:46 PDT"]
[Termination "Game drawn by agreement"]

1. e4 e5 2. Nf3 Nc6 3. Bc4 Bc5 4. O-O d6 5. c3 Nf6 6. d4 Bb6 7. dxe5 dxe5 8. Qxd8+ Nxd8 9. Nxe5 Nxe4 10. Nd2 Nd6 11. Bd3 O-O 12. a4 a6 13. Ndc4 Nxc4 14. Nxc4 Ba7 15.
Bf4 Ne6 16. Bg3 Nc5 17. Bc2 Be6 18. Na5 Bb6 19. b4 Bxa5 20. bxa5 Rac8 21. Rab1 Rfd8 22.
Bf4 Bc4 23. Rfe1 Bd3 24. Bxd3 Nxd3 25. Re4 Nxf4 26. Rxf4 Rd5 27. h3 Rxa5 28. Rxb7 Rc5 29.
c4 g6 30. Rf6 Ra5 31. Rc6 Rxa4 32. Rcxc7 Rxc7 33. Rxc7 Ra2 34. c5 Rc2 35. Kf1 a5 36.
c6 a4 37. Ra7 Rxc6 38. Rxa4 1/2-1/2

[Event "*** SCC Grand Prix: Titled Tuesday Blitz"]
[Site "Chess.com"]
[Date "2020.06.23"]
[Round "4"]
[White "NewBornNow"]
[Black "Ranindu2003"]
[Result "0-1"]
[WhiteElo "2682"]
[BlackElo "2514"]
[TimeControl "180+1"]
[EndTime "10:38:48 PDT"]
[Termination "Ranindu2003 won by resignation"]

1. e4 c5 2. Nf3 d6 3. d4 cxd4 4. Nxd4 Nf6 5. Nc3 a6 6. Be3 e5 7. Nf3 Nc6 8. Bc4 Be7 9. Bb3 O-O 10. O-O Na5 11. Qe2 Nxb3 12. axb3 Be6 13. Rfd1 Qc7 14.
Bg5 Rfc8 15. Bxf6 Bxf6 16. Ne1 Bg5 17. Nd5 Bxd5 18. Rxd5 Rd8 19. c3 Qc6 20. Nc2 f5 21. Nb4 Qb6 22. exf5 a5 23. Rb5 Qc7 24. Nd5 Qf7 25.
Qe4 Rf8 26. Rbxa5 Rxa5 27. Rxa5 Qxf5 28. Qxf5 Rxf5 29. f3 h6 30. Ra8+ Kh7 31. Ra7 e4 32. fxe4 Rxd5 33. exd5 Be3+ 34. Kf1 Bxa7 35. Ke2 Kg6 36.
Kd3 Kf5 37. b4 Ke5 38. c4 Bg1 39. h3 h5 40. b5 b6 41. b4 g5 0-1

[Event "*** SCC Grand Prix: Titled Tuesday Blitz"]
[Site "Chess.com"]
[Date "2020.06.23"]
[Round "4"]
[White "allvim"]
[Black "pastouche06"]
[Result "0-1"]
[WhiteElo "2215"]
[BlackElo "2495"]
[TimeControl "180+1"]
[EndTime "10:38:50 PDT"]
[Termination "pastouche06 won by resignation"]

1. e4 c6 2. d4 d5 3. exd5 cxd5 4. c4 Nf6 5. Nc3 Nc6 6. Nf3 Be6 7. cxd5 Bxd5 8. Be2 e6 9. O-O Be7 10. Bg5 O-O 11. Rc1 Qa5 12. Ne5 Rad8 13. Nxd5 Rxd5 14. Nxc6 bxc6 15. Be3 c5 16. Bd2 Qd8 17. Qa4 Rxd4 18. Qxa7 Rxd2 19. Bf3 Qd7 20. Qa3 Rb8 21. Rb1 h6 22. h3 Bf8 23. Rfc1 Qd4 24. Rf1 Rbxb2 25. Rxb2 Rxb2 26. Qa8 c4 27. Rd1 Qxf2+ 28. Kh1 c3 29. Rd8 Qc5 0-1

[Event "*** SCC Grand Prix: Titled Tuesday Blitz"]
[Site "Chess.com"]
[Date "2020.06.23"]
[Round "4"]
[White "rugbyclub"]
[Black "Logman74"]
[Result "0-1"]
[WhiteElo "2138"]
[BlackElo "2479"]
[TimeControl "180+1"]
[EndTime "10:38:50 PDT"]
[Termination "Logman74 won by resignation"]

1. c4 e5 2. Nc3 Nf6 3. Nf3 Nc6 4. e3 d5 5. cxd5 Nxd5 6. Bb5 Nxc3 7. bxc3 Bd7 8. d4 e4 9. Nd2 f5 10. O-O Bd6 11. f3 exf3 12. Qxf3 O-O 13. Bd3 Kh8 14.
Qh5 g6 15. Qh6 Qf6 16. e4 Qg7 17. Qxg7+ Kxg7 18. e5 Be7 19. Nf3 Be6 20. Rb1 b6 21. a4 Na5 22. Nd2 Rad8 23. g3 c5 24. Nf3 Bd5 25. Be3 Nc4 26. Bxc4 Bxc4 27. Rfd1 Be2 28. Kf2 Bxd1 29. Rxd1 c4 30. d5 Bc5 31.
Bxc5 bxc5 32. e6 Kf6 33. Ne5 Kxe5 34. e7 Kd6 35. exf8=Q+ Rxf8 36. Kf3 Re8 37. Kf4 Re2 38. h4 Rc2 39. Kg5 Rxc3 40. Kh6 Rxg3 41. Kxh7 c3 42. Rc1 Kxd5 43. h5 gxh5 44. Kh6 Kc4 0-1

[Event "*** SCC Grand Prix: Titled Tuesday Blitz"]
[Site "Chess.com"]
[Date "2020.06.23"]
[Round "4"]
[White "Kislov_Oleg"]
[Black "felipelobo"]
[Result "1/2-1/2"]
[WhiteElo "2382"]
[BlackElo "2118"]
[TimeControl "180+1"]
[EndTime "10:38:50 PDT"]
[Termination "Game drawn by repetition"]

1. e4 c5 2. Nf3 d6 3. c3 e6 4. d4 cxd4 5. cxd4 Nf6 6. Nc3 d5 7. e5 Ne4 8. Bd3 Nxc3 9. bxc3 Be7 10. h4 Nc6 11. Bg5 h6 12. Bxe7 Qxe7 13. h5 Bd7 14.
Qd2 Na5 15. O-O Rc8 16. Rac1 Nc4 17. Qf4 Bb5 18. Qg4 O-O 19. Nh4 Na3 20. Bxb5 Nxb5 21. Qg3 Rxc3 22. Rxc3 Nxc3 23. Qxc3 Qxh4 24. Rb1 b6 25. a4 Qxh5 26. a5 Qf5 27. Rb2 Qg4 28. axb6 axb6 29. Rxb6 Qd1+ 30. Kh2 Qh5+ 31. Kg1 Qd1+ 32.
Kh2 Qh5+ 33. Kg1 Qd1+ 1/2-1/2

[Event "*** SCC Grand Prix: Titled Tuesday Blitz"]
[Site "Chess.com"]
[Date "2020.06.23"]
[Round "4"]
[White "Evgeny_Ermakov1965"]
[Black "Superfelix"]
[Result "1-0"]
[WhiteElo "2660"]
[BlackElo "2468"]
[TimeControl "180+1"]
[EndTime "10:38:51 PDT"]
[Termination "Evgeny_Ermakov1965 won by resignation"]

1. d4 g6 2. c4 Bg7 3. Nc3 d6 4.
e4 Nc6 5. Nf3 e5 6. d5 Nce7 7.
Be3 f5 8. Bd3 Nf6 9. Qc2 a5 10.
O-O O-O 11. c5 Ng4 12. Bg5 h6 13. Bxe7 Qxe7 14. cxd6 cxd6 15. Nb5 Nf6 16. Qc7 Qxc7 17. Nxc7 fxe4 18. Bxe4 Nxe4 19. Nxa8 Bg4 20. Nb6 Bxf3 21. gxf3 Nd2 22. Rfc1 Nxf3+ 23. Kg2 e4 24. Rc8 Bxb2 25. Rb1 Bd4 26. Rxf8+ Kxf8 27. Nc8 Bc5 28. Rxb7 Ne1+ 29.
Kf1 Nd3 30. Na7 Nxf2 31. Nc6 e3 32. Nxa5 Ne4 33. Nb3 Ba3 34. Ra7 Bb2 35. a4 Bf6 36. Ke2 Bg5 37. Rc7 Nf6 38. a5 Nxd5 39. Rc6 Nb4 40.
Rxd6 Ke7 41. a6 Kxd6 42. a7 Nd5 43. a8=Q Nc3+ 44. Kd3 e2 45. Qa1 Bh4 46. Qa3+ Kc7 47. Qc5+ Kd8 48. Qd4+ Ke7 1-0

[Event "*** SCC Grand Prix: Titled Tuesday Blitz"]
[Site "Chess.com"]
[Date "2020.06.23"]
[Round "4"]
[White "akashcheck"]
[Black "TheLawAdv"]
[Result "1-0"]
[WhiteElo "2225"]
[BlackElo "2008"]
[TimeControl "180+1"]
[EndTime "10:38:52 PDT"]
[Termination "akashcheck won by resignation"]

1. e4 c5 2. Nf3 d6 3. Bb5+ Bd7 4. Bxd7+ Nxd7 5. c4 g6 6. d4 Bg7 7. d5 Qa5+ 8. Nbd2 Ne5 9. Nxe5 Bxe5 10. O-O Bg7 11.
f4 Nf6 12. e5 dxe5 13. fxe5 Nd7 14. e6 fxe6 15. dxe6 Nf6 16. Nb3 Qd8 17. Nxc5 Qxd1 18. Rxd1 b6 19. Na6 O-O 20. Be3 Ne4 21. Bd4 Rac8 22.
Bxg7 Kxg7 23. b3 Rf6 24. Rd7 Rxe6 25. Rxa7 Nc3 26. Nc7 Re2 27. a4 Rd8 28. Nd5 Nxd5 29. cxd5 Rxd5 30. Kh1 Rdd2 31. Rg1 Rb2 32. a5 bxa5 33.
Rxa5 Rxb3 34. h3 e5 35. Kh2 e4 36. Ra7+ Kf6 37. Rxh7 e3 38. Rf1+ Rf2 39. Re1 e2 40.
Rh8 Re3 41. Rf8+ Ke5 42. Rxf2 Kd4 43. Rfxe2 1-0

[Event "*** SCC Grand Prix: Titled Tuesday Blitz"]
[Site "Chess.com"]
[Date "2020.06.23"]
[Round "4"]
[White "Spartakus1975"]
[Black "ElviraBerend"]
[Result "1-0"]
[WhiteElo "2680"]
[BlackElo "2483"]
[TimeControl "180+1"]
[EndTime "10:38:53 PDT"]
[Termination "Spartakus1975 won by resignation"]

1. e4 e5 2. Nc3 Nc6 3. Bc4 Bc5 4. d3 d6 5. f4 Nf6 6. Nf3 Bg4 7. Na4 a6 8. Nxc5 dxc5 9. h3 Bxf3 10. Qxf3 Nd4 11.
Qf2 exf4 12. Bxf4 b5 13. Bb3 c4 14. Be5 Nxb3 15. axb3 cxd3 16. Bxf6 d2+ 17. Ke2 gxf6 18. Rhd1 Qe7 19. Rxd2 Qxe4+ 20. Kf1 O-O 21. Qxf6 Qg6 22. Rf2 Rfe8 23. Kg1 Re6 24. Qf4 Rae8 25. Raf1 Re2 26.
Qxc7 Rxf2 27. Rxf2 Re6 28. Rf3 Qh5 29. Qd8+ Kg7 30.
Qd4+ Kg8 31. c4 Rg6 32. Qf4 Qc5+ 33. Kh2 Qd6 34. Qxd6 Rxd6 35. c5 Rc6 36. b4 Kf8 37. Re3 Rg6 38. g4 Rg5 39. Ra3 Rg6 40. Kg3 Re6 41.
Kf4 Ke7 42. Re3 h6 43. Rxe6+ Kxe6 44. Ke4 1-0

[Event "*** SCC Grand Prix: Titled Tuesday Blitz"]
[Site "Chess.com"]
[Date "2020.06.23"]
[Round "4"]
[White "Dr-Bassem"]
[Black "Mikhail_Golubev"]
[Result "1-0"]
[WhiteElo "2798"]
[BlackElo "2599"]
[TimeControl "180+1"]
[EndTime "10:38:54 PDT"]
[Termination "Dr-Bassem won by resignation"]

1. e4 c5 2. Nf3 d6 3. g3 Nf6 4.
d3 g6 5. Bg2 Bg7 6. O-O O-O 7.
c3 Nc6 8. Re1 e5 9. a3 d5 10.
exd5 Nxd5 11. Nbd2 Re8 12. Qb3 Be6 13. Qxb7 Na5 14.
Qb5 Bd7 15. Qxc5 Be6 16. Ng5 Rc8 17. Nxe6 fxe6 18. Qb5 Rf8 19. Ne4 Rb8 20. Qa6 Nb3 21. Qxe6+ Kh8 22. Bg5 Nc7 23. Qc4 Qd7 24. Rad1 Na5 25.
Qc5 Nb3 26. Qe7 Qc8 27. Nd6 Qg4 28. Qxc7 Qxg5 29. Nf7+ Rxf7 30. Qxb8+ 1-0

[Event "*** SCC Grand Prix: Titled Tuesday Blitz"]
[Site "Chess.com"]
[Date "2020.06.23"]
[Round "4"]
[White "vitnik2020"]
[Black "Alopekos"]
[Result "0-1"]
[WhiteElo "2293"]
[BlackElo "2455"]
[TimeControl "180+1"]
[EndTime "10:38:54 PDT"]
[Termination "Alopekos won by resignation"]

1. d4 c5 2. d5 d6 3. Nc3 Nf6 4. e4 g6 5. Nf3 Bg7 6. Bb5+ Bd7 7. a4 O-O 8. O-O Bxb5 9. axb5 Nbd7 10. Re1 Ng4 11. h3 Nge5 12. Nd2 Nb6 13. Qe2 e6 14. f4 Ned7 15. dxe6 fxe6 16. Nf3 a6 17. bxa6 bxa6 18. Rxa6 Rxa6 19. Qxa6 Bxc3 20. bxc3 d5 21. Ng5 Qf6 22. e5 Qe7 23. Qb7 h6 24. Nf3 Nc4 25. f5 Rxf5 26.
Bxh6 Rxf3 27. gxf3 Qh4 28. Re2 Qg3+ 29. Rg2 Qe1+ 30.
Kh2 Ncxe5 31. Qc8+ Kh7 32. Rg3 0-1

[Event "*** SCC Grand Prix: Titled Tuesday Blitz"]
[Site "Chess.com"]
[Date "2020.06.23"]
[Round "4"]
[White "Ovsiannikov_Maxim"]
[Black "Manukyan_Artak"]
[Result "0-1"]
[WhiteElo "2111"]
[BlackElo "2339"]
[TimeControl "180+1"]
[EndTime "10:38:54 PDT"]
[Termination "Manukyan_Artak won by checkmate"]

1. d4 c6 2. c4 d6 3. Nc3 Nf6 4. e4 g6 5. Nf3 Bg7 6. Be2 O-O 7. Be3 Nbd7 8. O-O e5 9. h3 a6 10. Rc1 Qe7 11. dxe5 dxe5 12. Qc2 h6 13. Rfd1 Nh5 14. a3 Nf4 15. Bf1 g5 16. b4 Re8 17. c5 Nf8 18. Ne2 N8e6 19. Nxf4 Nxf4 20. Bxf4 exf4 21.
Bc4 g4 22. hxg4 Bxg4 23. Re1 Rad8 24. Rcd1 Bxf3 25. gxf3 Be5 26. Kf1 Kf8 27. Ke2 Rxd1 28. Rxd1 Rd8 29. Qb3 Rxd1 30. Qxd1 h5 31. Qg1 h4 32. Qg4 Bf6 33. Qxf4 Bg5 34. Qb8+ Qd8 35. Qxb7 Qd2+ 36. Kf1 Qc1+ 37. Kg2 Qxc4 38. Qxc6 h3+ 39.
Kxh3 Qf1+ 40. Kg4 Qg2+ 41. Kf5 Kg7 42. f4 Bh6 43. f3 Qxf3 44. Qd6 Qh5# 0-1

[Event "*** SCC Grand Prix: Titled Tuesday Blitz"]
[Site "Chess.com"]
[Date "2020.06.23"]
[Round "4"]
[White "Evgeny81"]
[Black "IMHansNiemann"]
[Result "1-0"]
[WhiteElo "2804"]
[BlackElo "2970"]
[TimeControl "180+1"]
[EndTime "10:38:56 PDT"]
[Termination "Evgeny81 won by resignation"]

1. e4 c5 2. d4 cxd4 3. c3 dxc3 4.
Nxc3 Nc6 5. Nf3 e6 6. Bf4 a6 7.
Be2 Nge7 8. h4 Ng6 9. Bg3 d6 10. O-O Be7 11. h5 Nge5 12. h6 gxh6 13. Nh2 Rg8 14. Bh5 Bd7 15. Kh1 Qa5 16. a3 Rc8 17. Bf4 Ng6 18. Bxg6 hxg6 19. Bxd6 Bxd6 20. Qxd6 Qc7 21. Qd2 h5 22. f4 Kf8 23. f5 exf5 24. Qh6+ Rg7 25. Nd5 Qe5 26. Nf3 Qd6 27. Rad1 Kg8 28.
Nb6 Qc7 29. Nxd7 Qd8 30. exf5 Rh7 31. Qf4 Qe7 32. Rfe1 Qd8 33. fxg6 1-0

[Event "*** SCC Grand Prix: Titled Tuesday Blitz"]
[Site "Chess.com"]
[Date "2020.06.23"]
[Round "4"]
[White "Shahinyan_ChessMood"]
[Black "TokChess"]
[Result "1-0"]
[WhiteElo "2613"]
[BlackElo "2376"]
[TimeControl "180+1"]
[EndTime "10:38:56 PDT"]
[Termination "Shahinyan_ChessMood won by resignation"]

1. e4 c5 2. Nc3 e6 3. g3 a6 4. Bg2 b5 5. d3 Bb7 6. Nh3 d6 7.
O-O Nd7 8. f4 Ngf6 9. f5 e5 10.
Nf2 b4 11. Nd5 Nxd5 12. exd5 Nf6 13. Bg5 Be7 14. Bxf6 Bxf6 15. h4 g5 16. Ne4 gxh4 17. Qh5 h6 18. gxh4 Qe7 19. c4 O-O-O 20. Kh2 Rdg8 21.
Bh3 Kc7 22. Rg1 Bxh4 23. Rxg8 Rxg8 24. f6 Bxf6 25. Rf1 Rg6 26. Bf5 Rg8 27. Bh7 Bg5 28.
Bxg8 Bf4+ 29. Rxf4 exf4 30. Qxf7 Qxf7 31. Bxf7 Bc8 32.
Be6 Bb7 33. Kh3 a5 34. Kg4 a4 35. a3 1-0

[Event "*** SCC Grand Prix: Titled Tuesday Blitz"]
[Site "Chess.com"]
[Date "2020.06.23"]
[Round "4"]
[White "peixe64"]
[Black "novendrapriasmoro"]
[Result "0-1"]
[WhiteElo "2361"]
[BlackElo "2613"]
[TimeControl "180+1"]
[EndTime "10:38:56 PDT"]
[Termination "novendrapriasmoro won on time"]

1. d4 Nf6 2. c4 g6 3. Nc3 Bg7 4. e4 d6 5. h3 O-O 6. Bg5 Na6 7. Nf3 h6 8. Be3 e5 9. d5 Nc5 10. Nd2 a5 11. Be2 Nh7 12. Qc2 f5 13.
f3 f4 14. Bf2 Bd7 15. O-O-O a4 16. Kb1 Qc8 17. h4 Nf6 18. Rdg1 Nh5 19. g4 fxg3 20. Bxg3 Kh7 21. Bf2 Nf4 22. Be3 c6 23. Bf1 cxd5 24. exd5 Bf5 25. Nde4 Qd7 26. Rg3 Rac8 27. Rhg1 b5 28.
Bxf4 exf4 29. Rxg6 Bd4 30. R1g2 b4 31. Rxd6 Qe7 32.
Qe2 bxc3 33. Ka1 cxb2+ 34. Kb1 Qxd6 0-1

[Event "*** SCC Grand Prix: Titled Tuesday Blitz"]
[Site "Chess.com"]
[Date "2020.06.23"]
[Round "4"]
[White "kingofthenil"]
[Black "WinstonSilvakov"]
[Result "1-0"]
[WhiteElo "2395"]
[BlackElo "2150"]
[TimeControl "180+1"]
[EndTime "10:38:57 PDT"]
[Termination "kingofthenil won by resignation"]

1. e4 Nf6 2. Nc3 d5 3. e5 Nfd7 4. e6 fxe6 5. d4 Nf6 6. Nf3 c5 7. dxc5 Qa5 8. Bb5+ Bd7 9. Nd4 Bxb5 10. Nxb5 a6 11. Nd4 Qxc5 12. Nxe6 Qd6 13. Qe2 Kd7 14. Ng5 Rg8 15. O-O h6 16. Nf7 Qe6 17. Ne5+ Kc8 18. Bf4 Nc6 19. Rad1 g5 20. Bg3 Bg7 21.
Rfe1 Nxe5 22. Bxe5 Rd8 23. Qd3 d4 24. Na4 b5 25.
Qf3 Qd5 26. Nb6+ 1-0

[Event "*** SCC Grand Prix: Titled Tuesday Blitz"]
[Site "Chess.com"]
[Date "2020.06.23"]
[Round "4"]
[White "Msb2"]
[Black "Grischuk"]
[Result "1-0"]
[WhiteElo "2845"]
[BlackElo "3096"]
[TimeControl "180+1"]
[EndTime "10:38:58 PDT"]
[Termination "Msb2 won by resignation"]

1. d4 Nf6 2. c4 e6 3. Nc3 Bb4 4. e3 O-O 5. Bd2 b6 6. Nf3 Bb7 7.
Bd3 c5 8. a3 Bxc3 9. Bxc3 d6 10. b4 Nbd7 11. O-O Qe7 12. Qe2 e5 13. dxe5 dxe5 14.
e4 Ne8 15. Bc2 Nc7 16. Ba4 f6 17. Rfd1 Rad8 18. Nh4 Nb8 19. Nf5 Qe6 20. bxc5 bxc5 21. Ba5 Nba6 22. Bb5 Rxd1+ 23. Rxd1 Kh8 24. Rd6 Qg8 25.
Rd7 g6 26. Bxc7 g5 1-0

[Event "*** SCC Grand Prix: Titled Tuesday Blitz"]
[Site "Chess.com"]
[Date "2020.06.23"]
[Round "4"]
[White "dosto07"]
[Black "goofypenguin96"]
[Result "0-1"]
[WhiteElo "2163"]
[BlackElo "2343"]
[TimeControl "180+1"]
[EndTime "10:38:59 PDT"]
[Termination "goofypenguin96 won by resignation"]

1. e4 e6 2. d4 d5 3. Nd2 c5 4.
exd5 Qxd5 5. Ngf3 cxd4 6. Bc4 Qd7 7. O-O Nc6 8. Nb3 Nf6 9. Nbxd4 Nxd4 10. Nxd4 a6 11.
a4 Be7 12. Re1 O-O 13. c3 b6 14. Qe2 Kh8 15. Bg5 Bb7 16. Rad1 Qc7 17. Bd3 h6 18. Bh4 Nd5 19. Qe4 f5 20. Qxe6 Bxh4 21. Nxf5 Nf4 22. Qd6 Qxd6 23. Nxd6 Bxg2 24. Be4 Bxe4 25. Nxe4 Nh3+ 26.
Kg2 Nxf2 27. Rd7 Nxe4 28. Rxe4 Bf6 29. Re6 b5 30. a5 Rfd8 31. Red6 Rxd7 32. Rxd7 Rd8 33.
Ra7 Rd2+ 34. Kg3 Rxb2 35. Rxa6 Bxc3 36. Ra8+ Kh7 37. a6 Ra2 38. h4 b4 39. h5 b3 0-1

[Event "*** SCC Grand Prix: Titled Tuesday Blitz"]
[Site "Chess.com"]
[Date "2020.06.23"]
[Round "4"]
[White "justantan"]
[Black "Eltaj_Safarli"]
[Result "1/2-1/2"]
[WhiteElo "2785"]
[BlackElo "2956"]
[TimeControl "180+1"]
[EndTime "10:39:00 PDT"]
[Termination "Game drawn - insufficient material"]

1. e4 e5 2. Nf3 Nc6 3. Bb5 a6 4. Ba4 d6 5. O-O Bd7 6. d4 b5 7.
Bb3 Nxd4 8. Nxd4 exd4 9. c3 d3 10. Qxd3 Nf6 11. Bg5 Be7 12. Nd2 O-O 13. Rfe1 Ng4 14.
Bxe7 Qxe7 15. Qg3 Qe5 16. Nf3 Qxg3 17. hxg3 Rfe8 18. Rad1 Bc6 19. Nd4 Bd7 20. f3 Ne5 21.
Kf2 a5 22. a3 Rab8 23. Nc2 Be6 24. Bd5 Kf8 25. Ne3 Nd7 26. Bc6 Rb6 27. Bxd7 Bxd7 28. Nd5 Rb7 29. b4 Ra8 30. Ra1 Be6 31. Reb1 Bxd5 32. exd5 Rba7 33. Rb3 Ke7 34. Ke3 Kd7 35. Kd3 f5 36. Re1 axb4 37. Rxb4 Rxa3 38. Rxb5 Ra2 39. Rh1 Rxg2 40. Rxh7 Rxg3 41. Ke3 Rf8 42. Kf4 Rg2 43. Rb1 Rf7 44. Rh5 g6 45. Rg5 Rxg5 46. Kxg5 Re7 47.
Kxg6 Re3 48. f4 Rxc3 49. Kxf5 Rc5 50. Rd1 c6 51. Ke4 Rxd5 52. Rxd5 cxd5+ 53. Kxd5 Ke7 54. f5 Kf6 55. Kxd6 Kxf5 1/2-1/2

[Event "*** SCC Grand Prix: Titled Tuesday Blitz"]
[Site "Chess.com"]
[Date "2020.06.23"]
[Round "4"]
[White "diamonds13"]
[Black "WiktoriaPOL"]
[Result "1-0"]
[WhiteElo "2264"]
[BlackElo "1942"]
[TimeControl "180+1"]
[EndTime "10:39:00 PDT"]
[Termination "diamonds13 won on time"]

1. d4 Nf6 2. c4 g6 3. Nc3 Bg7 4. e4 d6 5. Bd3 O-O 6. Nge2 e5 7. d5 a5 8. h3 Na6 9. Be3 b6 10. Qd2 Nc5 11. Bc2 Bd7 12. g4 a4 13. Ng3 a3 14. b4 Na6 15. Rb1 Qe7 16. f3 Rfb8 17.
Qe2 c6 18. dxc6 Bc8 19. O-O Nc7 20. Nd5 Ncxd5 21. cxd5 Ne8 22. b5 Nc7 23. Qf2 Qh4 24.
Kg2 Ra5 25. Bd3 Na8 26. Rfc1 Ra4 27. Qd2 f6 28. Ne2 h5 29. Bf2 Qg5 30. Qxg5 fxg5 31.
Nc3 Ra7 32. Rb3 Nc7 33. Nb1 h4 34. Rcc3 Rba8 35. Rxa3 Rxa3 36. Rxa3 Rxa3 37. Nxa3 Kf7 38. Bxb6 Na8 39. Ba7 Ke7 40. b6 Nxb6 41. Bxb6 1-0

[Event "*** SCC Grand Prix: Titled Tuesday Blitz"]
[Site "Chess.com"]
[Date "2020.06.23"]
[Round "4"]
[White "c63_amg"]
[Black "jlandaw"]
[Result "0-1"]
[WhiteElo "2760"]
[BlackElo "2556"]
[TimeControl "180+1"]
[EndTime "10:39:01 PDT"]
[Termination "jlandaw won on time"]

1. e4 e5 2. Nf3 Nc6 3. d4 exd4 4. Bc4 Nf6 5. e5 d5 6. Bb5 Ne4 7. Nxd4 Bc5 8. Be3 Bd7 9. Bxc6 bxc6 10. O-O Qe7 11. f4 O-O 12. Nd2 f6 13. Nxe4 dxe4 14. exf6 Rxf6 15. Qe2 Bb6 16. Rad1 Kh8 17. c3 Be8 18. Kh1 Bf7 19. b3 a5 20. c4 a4 21. Nc2 axb3 22. axb3 Ra2 23. Ra1 Rxc2 24. Ra8+ Bg8 25. Qxc2 Bxe3 26. Re1 Rxf4 27. g3 Rf3 28. Qc3 Bc5 29. Qc2 e3 30. Qd3 h6 31. Kg2 Rf2+ 32. Kh1 Qf6 33. b4 Qf3+ 0-1

[Event "*** SCC Grand Prix: Titled Tuesday Blitz"]
[Site "Chess.com"]
[Date "2020.06.23"]
[Round "4"]
[White "vpsetter"]
[Black "Dmitry_Konenkin"]
[Result "1-0"]
[WhiteElo "2615"]
[BlackElo "2390"]
[TimeControl "180+1"]
[EndTime "10:39:01 PDT"]
[Termination "vpsetter won by resignation"]

1. e4 d6 2. d4 Nf6 3. Nc3 e5 4.
Nf3 Nbd7 5. Bc4 Be7 6. O-O O-O 7. Re1 c6 8. a4 b6 9. Ba2 Qc7 10. h3 a6 11. Nh4 g6 12. Bh6 Re8 13. Nf3 Bf8 14.
Qd2 Bg7 15. Rad1 Nf8 16. Bxg7 Kxg7 17. dxe5 dxe5 18. Qd6 Ra7 19. Ng5 Qxd6 20. Rxd6 h6 21.
Nxf7 Rxf7 22. Bxf7 Kxf7 23. Rxc6 N8d7 24. Rd1 Bb7 25. Rc7 Bc8 26. Rd6 Ke7 27. Rdc6 b5 28.
Rxc8 Rxc8 29. Rxc8 bxa4 30. Rc6 Nb8 31. Rb6 1-0

[Event "*** SCC Grand Prix: Titled Tuesday Blitz"]
[Site "Chess.com"]
[Date "2020.06.23"]
[Round "4"]
[White "bascheyaro"]
[Black "Thej11"]
[Result "1-0"]
[WhiteElo "2722"]
[BlackElo "2475"]
[TimeControl "180+1"]
[EndTime "10:39:02 PDT"]
[Termination "bascheyaro won by resignation"]

1. d4 d5 2. c4 e5 3. dxe5 d4 4. Nf3 Nc6 5. a3 Bg4 6. Bf4 Nge7 7.
Nbd2 Ng6 8. g3 Nxf4 9. gxf4 f6 10. Rg1 Bf5 11. Bg2 Qd7 12. Nh4 Be6 13. f5 Bxf5 14. Nxf5 Qxf5 15. Bxc6+ bxc6 16. Qa4 Qd7 17. exf6 gxf6 18. O-O-O Bh6 19. Kb1 c5 20. Qxd7+ Kxd7 21. Ne4 Kc6 22. Nxf6 Rhf8 23. Ne4 Rae8 24. f3 Rg8 25.
Kc2 Be3 26. Rg3 h5 27. b4 cxb4 28. axb4 h4 29. b5+ Kb6 30. Rxg8 Rxg8 31. Ra1 Rg2 32. Ra6+ Kb7 33. Kd3 Rxh2 34. Nc5+ Kc8 35. Rxa7 Kd8 36. Ne6+ Kd7 37. Nxc7 Rh1 38. Nd5+ Kd6 39. Nxe3 dxe3 40. Ra6+ Kc5 41. Rc6+ Kb4 42. Rh6 Rd1+ 43. Kxe3 Kxc4 44. b6 Rb1 45. Rxh4+ Kc5 46. Rh6 1-0

[Event "*** SCC Grand Prix: Titled Tuesday Blitz"]
[Site "Chess.com"]
[Date "2020.06.23"]
[Round "4"]
[White "praveenb2002"]
[Black "PlotnikovPavel"]
[Result "1-0"]
[WhiteElo "2768"]
[BlackElo "2457"]
[TimeControl "180+1"]
[EndTime "10:39:03 PDT"]
[Termination "praveenb2002 won by checkmate"]

1. e4 e6 2. d4 d5 3. Nd2 Be7 4. Ngf3 dxe4 5. Nxe4 Nf6 6. Bd3 Nbd7 7. O-O O-O 8. c3 b6 9. Qe2 Bb7 10. Bf4 Nxe4 11. Bxe4 Bxe4 12. Qxe4 Nf6 13. Qe2 c5 14. Rad1 Qc8 15. d5 Nxd5 16. Rxd5 exd5 17. Qxe7 Qf5 18.
Bg3 Rfe8 19. Qc7 Qc2 20. Ne5 Qf5 21. h3 Rac8 22. Qb7 d4 23. cxd4 cxd4 24. Rd1 f6 25. Nf3 d3 26. Qxa7 Rcd8 27. Qxb6 Qe4 28. Kh2 h6 29.
Rd2 f5 30. Bc7 Rd7 31. b4 Rc8 32. Be5 Rc2 33. Rd1 Kh7 34. Qe6 Rxf2 35. Qxd7 Qxf3 36. Qxg7# 1-0

[Event "*** SCC Grand Prix: Titled Tuesday Blitz"]
[Site "Chess.com"]
[Date "2020.06.23"]
[Round "4"]
[White "ARTHURMOTIVATOR"]
[Black "ALEXJR20"]
[Result "1-0"]
[WhiteElo "2347"]
[BlackElo "2204"]
[TimeControl "180+1"]
[EndTime "10:39:03 PDT"]
[Termination "ARTHURMOTIVATOR won by checkmate"]

1. e4 Nc6 2. Nc3 d5 3. exd5 Nb4 4. Bb5+ Bd7 5. Bc4 Bf5 6. d3 Nf6 7. Nf3 Nbxd5 8. O-O e6 9. h3 h6 10. Re1 c6 11. Ne5 Bd6 12. d4 O-O 13. Bb3 a5 14. a4 Nb4 15. Bf4 Qc7 16. Bh2 Nfd5 17. Ne4 Bxe4 18.
Rxe4 Rae8 19. c3 Na6 20. Bc2 Kh8 21. Qd3 f5 22. Re2 Kg8 23. Rae1 Bxe5 24. Bxe5 Qf7 25. f4 Rd8 26. Kh1 Rfe8 27. Rg1 Nb8 28. g4 Nd7 29. gxf5 exf5 30. Rxg7+ Qxg7 31. Bxg7 Kxg7 32. Rg2+ Kh8 33. Qxf5 N7f6 34. Qg6 Re1+ 35. Kh2 Rd7 36. Qxh6+ Nh7 37. Bxh7 Rxh7 38. Qf8# 1-0